 Dungeon Crawl Stone Soup version 0.32-a0-643-ga006e7742e (webtiles) character file.

Game seed: 1432984625882846048

19 ytrimaz the Apothecary (level 2, -2/19 HPs)
             Began as a Coglin Alchemist on Mar 8, 2024.
             Slain by a gnoll
             ... wielding a +0 flail
              (9 damage)
             ... on level 1 of the Dungeon.
             The game lasted 00:00:50 (740 turns).

ytrimaz the Apothecary (Coglin Alchemist)            Turns: 740, Time: 00:00:50

Health: -2/19      AC:  2    Str:  8    XL:     2   Next: 75%
Magic:  3/5        EV: 12    Int: 14    God:
Gold:   69         SH:  0    Dex: 14    Spells: 4/5 levels left

rFire   . . .        (no weapon)
rCold   . . .        (no shield)
rNeg    . . .        a - +0 robe
rPois   .            (no helmet)
rElec   .            (no cloak)
rCorr   .            (no gloves)
SInv    .            (no boots)
Will    .....        (amulet unavailable)
Stlth   ++           (ring unavailable)
HPRegen 0.23/turn    (ring unavailable)
MPRegen 0.09/turn    (no gizmo)

%: no passive effects
@: no status effects
A: off-hand wielding, slow wielding, warmup strikes, no jewellery
a: Invent Gizmo


You were on level 1 of the Dungeon.
You visited 1 branch of the dungeon, and saw 1 of its levels.

You collected 69 gold pieces.


Innate Abilities, Weirdness & Mutations

You can wield a second weapon in your off-hand.
It takes a long time for you to wield or remove held weapons.
Your first few attacks do less damage.
You cannot equip rings or amulets.


   Skills:
 - Level 1.7 Dodging
 - Level 1.5 Stealth
 + Level 2.1 Spellcasting
 + Level 1.5 Conjurations
 + Level 3.6 Alchemy


You had 4 spell levels left.
You knew the following spells:

 Your Spells              Type           Power      Damage    Failure   Level
a - Sting                 Conj/Alch      32%        1d5       9%          1

Your spell library contained the following spells:

 Spells                   Type           Power      Damage    Failure   Level
 Mercury Vapours          Alch/Air       12%        N/A       17%         2
 Mephitic Cloud           Conj/Alch/Air  6%         N/A       34%         3
 Olgreb's Toxic Radiance  Alch           11%        N/A       45%         4
 Sticky Flame             Fire/Alch      6%         2d4       73%         4

Inventory:

Armour
 a - a +0 robe (worn)
Scrolls
 e - a scroll of revelation {unknown}
 f - a scroll of immolation
 h - a scroll of amnesia {unknown}
 i - a scroll of identify {unknown}
 j - a scroll of vulnerability {unknown}
 k - a scroll of teleportation {unknown}
Potions
 b - a potion of magic
 c - a potion of resistance {unknown}
 d - a potion of haste {unknown}
 g - a potion of curing {unknown}

Dungeon Overview and Level Annotations

Branches:
Dungeon (1/15) Zot: 5259

Altars:

#####.#...#
......##########
.#
♣♣♣............#
.#
P..♣.#.#######.#
.# ...♣.#.# #.#
.# ..P♣.#.# #.#
.# .PP♣.#.# #.#
.# P..♣...#
#.##g## P..♣.#.#
#..@†.# .PP♣.#.#
####### .PP♣.#.#
♣♣♣♣...#
......## ......#
.###### .# .#


You could see a gnoll (poisoned).


Message History

😎 MP[-1]
You lost 1 mp, and now have 4/5 mp.
The sting hits the hobgoblin but does no damage.
The hobgoblin looks even sicker.
The hobgoblin barely misses you. 😎 MP[-1]
You lost 1 mp, and now have 3/5 mp.
Unknown command.
The sting hits the hobgoblin.
The hobgoblin looks even sicker.
You kill the hobgoblin! 😎 MP[-1]
You lost 1 mp, and now have 2/5 mp.
Unknown command.
You see here a hobgoblin corpse.
j - a scroll labelled ZYTIMN MIUDOA 😎 MP[+3]
Your mp is fully restored (5).
k - a scroll labelled PYSSUAKOBB A ball python comes into view.
A ball python is nearby!
A ball python is nearby!
Unknown command.
The sting hits the ball python.
The ball python is poisoned.
You kill the ball python! 😎 MP[-1]
You lost 1 mp, and now have 4/5 mp.
You can't see any susceptible monsters within range! (Use Z to cast anyway.)
You can't see any susceptible monsters within range! (Use Z to cast anyway.)
There is a faded altar of an unknown god here.
A hobgoblin comes into view. 😎 MP[+1]
Your mp is fully restored (5).
A hobgoblin is nearby!
A hobgoblin is nearby!
A hobgoblin is nearby!
The hobgoblin shouts!
The hobgoblin hits you. 😕 HP[-4]
You take 4 damage, and now have 15/19 hp.
MASSIVE DAMAGE!! (PAUSE)
You barely miss the hobgoblin. The hobgoblin misses you. 😕 HP[+1]
The sting hits the hobgoblin.
The hobgoblin is poisoned.
You kill the hobgoblin! 😕 MP[-1]
You lost 1 mp, and now have 4/5 mp.
Unknown command.
Unknown command.
You now have 69 gold pieces (gained 14).
Key pressed, stopping explore.
A dart slug comes into view. 😎 HP[+3] MP[+1]
Your hp is fully restored (19).
Your mp is fully restored (5).
A dart slug is nearby!
A dart slug is nearby!
The sting hits the dart slug.
The dart slug is poisoned. 😎 MP[-1]
You lost 1 mp, and now have 4/5 mp.
You miscast Sting.
You are very lightly contaminated with residual magic.
Nothing appears to happen. 😎 MP[-1]
You lost 1 mp, and now have 3/5 mp.
The sting hits the dart slug.
The dart slug looks even sicker.
The dart slug launches a dart at you. The slug dart hits you. 😕 HP[-1] MP[-1]
You take 1 damage, and now have 18/19 hp.
You lost 1 mp, and now have 2/5 mp.
You miscast Sting.
Nothing appears to happen.
You kill the dart slug! 😕 MP[-1]
You lost 1 mp, and now have 1/5 mp.
You can't see any susceptible monsters within range! (Use Z to cast anyway.) Unknown command.
Your magical contamination has completely faded away. 😎 HP[+1] MP[+1]
Your hp is fully restored (19).
A gnoll comes into view. It is wielding a +0 flail.
The gnoll shouts! 😎 MP[+3]
Your mp is fully restored (5).
Unknown command.
A gnoll is nearby!
A gnoll is nearby!
The sting hits the gnoll.
The gnoll is poisoned.
The gnoll hits you with a +0 flail!
Ouch! That really hurt!
* * * LOW HITPOINT WARNING * * *
😨 HP[-12] MP[-1]
You take 12 damage, and now have 7/19 hp.
MASSIVE DAMAGE!! (PAUSE)
You lost 1 mp, and now have 4/5 mp.
Unknown command.
Aiming: Sting (safe; 9% risk of failure)
Press: ? - help, Q - select action Shift-Dir - straight line, f/p - gnoll
Aim: a gnoll, wielding a +0 flail (lightly wounded, poisoned, 72% to hit)
The sting misses the gnoll.
The gnoll hits you with a +0 flail!
You die...

Skill      XL: |  1 |
---------------+----+-----
Conjurations   | 1 |  1.5
Spellcasting   | 2 |  2.1
Dodging        | |  1.7
Stealth        | |  1.5
Alchemy        | |  3.6

Action                     || total
---------------------------++-------
  Melee: Unarmed           ||    23
         Punch             ||     1
   Cast: Sting             ||    29
   Stab: Sleeping          ||     1
 Armour: Robe              ||    28
  Dodge: Dodged            ||    31

Levels and vault maps discovered:
D:1:      scummos_arrival_checkerplants, layout_basic,
          hellmonk_ecumenical_altar_blasted

Notes
Turn   | Place    | Note
-------+----------+-------------------------------------------
     0 | D:1      | ytrimaz the Coglin Alchemist began the quest for the Orb.
     0 | D:1      | Reached XP level 1. HP: 13/13 MP: 3/3
     0 | D:1      | magus.rc [v1.9.6]
     5 | D:1      | Found a faded altar of an unknown god.
    27 | D:1      | Reached skill level 1 in Conjurations
   259 | D:1      | HP: 3/13 [hobgoblin (4)]
   379 | D:1      | Reached skill level 2 in Spellcasting
   379 | D:1      | Reached XP level 2. HP: 16/19 MP: 0/5
   740 | D:1      | Slain by a gnoll

Vanquished Creatures
  A dart slug (D:1)
  An endoplasm (D:1)
  A giant cockroach (D:1)
  2 goblins (D:1)
  5 hobgoblins (D:1)
  A ball python (D:1)
  A bat (D:1)
  2 kobolds (D:1)
  A rat (D:1)
15 creatures vanquished.

Table legend:
 A = Non-vault XP
 B = Vault XP
 C = Vault XP percentage of total XP
 D = Non-vault monster count
 E = Vault monster count
 F = Vault count percentage of total count
                 A         B        C        D         E       F
            +---------+---------+-------+---------+---------+-------
      Total |      28 |       0 |   0.0 |      15 |       0 |   0.0
            +---------+---------+-------+---------+---------+-------
        D:1 |      28 |       0 |   0.0 |      15 |       0 |   0.0
            +---------+---------+-------+---------+---------+-------

Skill      XL: |  1 |
---------------+----+-----
Conjurations   | 1 |  1.5
Spellcasting   | 2 |  2.1
Dodging        | |  1.7
Stealth        | |  1.5
Alchemy        | |  3.6

Action                     || total
---------------------------++-------
  Melee: Unarmed           ||    23
         Punch             ||     1
   Cast: Sting             ||    29
   Stab: Sleeping          ||     1
 Armour: Robe              ||    28
  Dodge: Dodged            ||    31

Illustrated notes

Table legend:
 A = Kills in this place as a percentage of kills in the entire game.
 B = Kills by you in this place as a percentage of kills by you in the entire game.
 C = Kills by friends in this place as a percentage of kills by friends in the entire game.
 D = Other kills in this place as a percentage of other kills in the entire game.
 E = Experience gained in this place as a percentage of experience gained in the entire game.
 F = Experience gained in this place divided by the number of levels of this place that you have seen.
                   A       B       C       D       E      F
               +-------+-------+-------+-------+-------+----------------------
         Total | 100.0 | 100.0 |   N/A |   N/A | 100.0 |  28.0
       Dungeon | 100.0 | 100.0 |   N/A |   N/A | 100.0 |  28.0
               +-------+-------+-------+-------+-------+----------------------

Table legend: (Time is in decaauts)
 A = Elapsed time spent in this place.
 B = Non-inter-level travel time spent in this place.
 C = Inter-level travel time spent in this place.
 D = Time resting spent in this place.
 E = Time spent auto-exploring this place.
 F = Levels seen in this place.
 G = Mean time per level.
                   A        B        C        D        E       F      G
               +--------+--------+--------+--------+--------+-----+--------+
         Total |    740 |    740 |      0 |      0 |    604 |   1 |  740.0 |
       Dungeon |    740 |    740 |      0 |      0 |    604 |   1 |  740.0 |
               +--------+--------+--------+--------+--------+-----+--------+

Top non-repeatable levels by time:
     D:1: 740 daAuts
